 Dungeon Sprint DCSS version 0.26-a0-660-gc07710193c (webtiles) character file.

Game seed: 7231789674948419576

11 mhtbhm the Magician (level 2, -3/15 HPs)
             Began as a Deep Elf Fire Elementalist on Oct 7, 2020.
             Slain by Crazy Yiuf
             ... wielding a +4 quarterstaff of chaos
              (9 damage)
             ... in the Dungeon (Sprint III: "The Ten Rune Challenge").
             The game lasted 00:00:53 (386 turns).

mhtbhm the Magician (Deep Elf Fire Elementalist)     Turns: 386, Time: 00:00:53

Health: -3/15      AC:  2    Str:  5    XL:     2   Next: 13%
Magic:  6/9        EV: 13    Int: 19    God:
Gold:   0          SH:  0    Dex: 15    Spells: 9/10 levels left

rFire    . . .     SeeInvis .   (no weapon)
rCold    . . .     Faith    .   (no shield)
rNeg     . . .     Spirit   .   a - +0 robe
rPois    .         Reflect  .   (no helmet)
rElec    .         Harm     .   (no cloak)
rCorr    .         Rampage  .   (no gloves)
MR       .....     NoTele   +   (no boots)
Stlth    ++........             (no amulet)
HPRegen  0.05/turn              (no ring)
MPRegen  0.11/turn              (no ring)

@: no status effects
A: no striking features
a: no special abilities


You were in the Dungeon.
You visited 1 branch

Inventory:

Armour
 a - a +0 robe (worn)
Scrolls
 b - a scroll of identify {unknown}
 h - a scroll of blinking
Potions
 c - a potion of curing
 d - a potion of heal wounds
 e - a potion of haste
 f - 2 potions of magic
 g - a potion of berserk rage


   Skills:
 + Level 3.0 Dodging
 - Level 2.5 Stealth
 + Level 4.5 Spellcasting
 + Level 1.4 Conjurations
 + Level 4.5 Fire Magic


You had 9 spell levels left.
You knew the following spells:

 Your Spells              Type           Power        Failure   Level
a - Foxfire               Conj/Fire      ###.         3%          1

Your spell library contained the following spells:

 Spells                   Type           Power        Failure   Level
 Conjure Flame            Conj/Fire      ###.....     12%         3
 Inner Flame              Hex/Fire       ##......     16%         3
 Sticky Flame             Conj/Fire      ###.....     36%         4
 Fireball                 Conj/Fire      ###.......   71%         5


Dungeon Overview and Level Annotations

Branches:
Dungeon (1/1)

Altars:

Annotations:
D Crazy Yiuf


Message History

You conjure some foxfire!
Your foxfire dissipates!
The foxfire hits the human.
The human is lightly wounded.
Casting: Foxfire (safe; 3% risk of failure)
Confirm with . or Enter, or press ? or * to list all spells.
You conjure some foxfire!
Crazy Yiuf hits you with a +4 quarterstaff of chaos!
Ouch! That really hurt!
Crazy Yiuf freezes you.
The foxfire hits Crazy Yiuf.
Crazy Yiuf is lightly wounded.
The foxfire hits Crazy Yiuf.
Crazy Yiuf is moderately wounded.
Casting: Foxfire (safe; 3% risk of failure)
Confirm with . or Enter, or press ? or * to list all spells.
You conjure some foxfire!
Crazy Yiuf hits you with a +4 quarterstaff of chaos!
Ouch! That really hurt!
You die...

▓▓▓▓▓▓▓▓▓
▓<..#...####
▓...#...†..##
▓..##.......# .#
▓##.##.##...# .#
##.##.###..# ..#
▓#.####.##..# ...+
▓.###..##v.##
#...# ▓#.....##v@#
#....#
###..##..g##p....#
##..##....#......#
#..###..##.#.....#
#).# #.. ####....#
▓▓▓▓ ▓▓▓ ▓▓▓▓▓


You could see Crazy Yiuf.

Vanquished Creatures
  2 oozes (D)
  2 rats (D)
4 creatures vanquished.

Vanquished Creatures (others)
  18 foxfires (D)
  2 plants (D)
20 creatures vanquished.

Grand Total: 24 creatures vanquished

Notes
Turn   | Place    | Note
-------+----------+-------------------------------------------
     0 | D        | mhtbhm the Deep Elf Fire Elementalist began the quest for
                  | the Orb.
     0 | D        | Reached XP level 1. HP: 10/10 MP: 6/6
   313 | D        | Reached XP level 2. HP: 15/15 MP: 6/9
   379 | D        | Noticed Crazy Yiuf
   386 | D        | Slain by Crazy Yiuf

Illustrated notes

Levels and vault maps discovered:
D:        dungeon_sprint_mu [sprint_mu_entry_cave, sprint_mu_temple_rooms,
          sprint_mu_d1_spiders, sprint_mu_d2_genie, sprint_mu_d3_branching,
          sprint_mu_orc_legion, sprint_mu_elf_gauntlet, sprint_mu_hive_nellie,
          sprint_mu_lair_fedhas, sprint_mu_vaults_butterflies,
          sprint_mu_slime_circle, sprint_mu_swamp_cave, sprint_mu_snake_twists,
          sprint_mu_blade_basic, sprint_mu_crypt_fortress,
          sprint_mu_tomb_spiral, sprint_mu_vestibule_basic,
          sprint_mu_gehenna_hellfire, sprint_mu_dis_giant,
          sprint_mu_tartarus_statrot, sprint_mu_cocytus_islands, sprint_mu_zot1]

Skill      XL: |  1  2 |
---------------+-------+-----
Spellcasting   | 4 |  4.5
Fire Magic     | 4 |  4.5
Dodging        | 3 |  3.0
Stealth        | |  2.5
Conjurations   | |  1.4

Action                   || total
-------------------------++-------
Melee: Unarmed           ||     5
 Cast: Foxfire           ||    13
Armor: Robe              ||     1
Dodge: Dodged            ||     8

Table legend: (Time is in decaauts)
 A = Elapsed time spent in this place.
 B = Non-inter-level travel time spent in this place.
 C = Inter-level travel time spent in this place.
 D = Time resting spent in this place.
 E = Time spent auto-exploring this place.
 F = Levels seen in this place.
 G = Mean time per level.
                   A        B        C        D        E       F      G
               +--------+--------+--------+--------+--------+-----+--------+
         Total |    386 |    386 |      0 |    291 |      6 |   1 |  386.0 |
       Dungeon |    386 |    386 |      0 |    291 |      6 |   1 |  386.0 |
               +--------+--------+--------+--------+--------+-----+--------+

Top non-repeatable levels by time:
       D: 386 daAuts
